 Dungeon Crawl Stone Soup version 0.26-a0-812-g31a745ddcd (webtiles) character file.

Game seed: 13576166940203524688

5574 Borgoz the Carver (level 10, -15/86 HPs)
             Began as a Ghoul Gladiator on Dec 7, 2020.
             Was an Elder of Okawaru.
             Killed from afar by an ogre mage (56 damage)
             ... with a crystal spear
             ... on level 10 of the Dungeon.
             The game lasted 00:16:40 (9404 turns).

Borgoz the Carver (Ghoul Gladiator)                 Turns: 9404, Time: 00:16:40

Health: -15/86     AC: 17    Str: 19    XL:     10   Next: 72%
Magic:  9/9        EV: 15    Int:  4    God:    Okawaru [****..]
Gold:   382        SH:  0    Dex: 18    Spells: 9/9 levels left

rFire    . . .     SeeInvis .   a - +3 great sword
rCold    . . .     Faith    .   (shield currently unavailable)
rNeg     + + +     Spirit   .   x - +0 ring mail of Kikubaaqudgha's Fury {Rampage rC- rN+ Slay+2}
rPois    ∞         Reflect  .   m - +1 helmet
rElec    .         Harm     .   g - +0 cloak
rCorr    .         Rampage  +   n - +0 pair of gloves
MR       .....                  l - +0 pair of boots
Stlth    +.........             (no amulet)
HPRegen  0.00/turn              v - +6 ring of dexterity
MPRegen  0.11/turn              q - +4 ring of protection

@: no status effects
A: rotting body, claws 1, cold resistance 1, negative energy resistance 3,
inhibited regeneration, torment resistance, unbreathing
a: Heroism, Renounce Religion


You were on level 10 of the Dungeon.
You worshipped Okawaru.
Okawaru was greatly pleased with you.
You visited 3 branches of the dungeon, and saw 12 of its levels.

You collected 592 gold pieces.
You spent 210 gold pieces at shops.

Inventory:

Hand Weapons
 a - a +3 great sword (weapon)
 b - a +2 dagger of venom
Missiles
 d - 2 throwing nets (quivered)
Armour
 g - a +0 cloak (worn)
 k - the +1 ring mail "Esuef" {Regen+}
   (You found it on level 4 of the Dungeon)

   It increases your rate of regeneration.
 l - a +0 pair of boots (worn)
 m - a +1 helmet (worn)
 n - a +0 pair of gloves (worn)
 x - the +0 ring mail of Kikubaaqudgha's Fury (worn) {Rampage rC- rN+ Slay+2}
   (You found it on level 6 of the Dungeon)

   It affects your accuracy and damage with ranged weapons and melee attacks
   (+2).
   It makes you vulnerable to cold.
   It protects you from negative energy.
   It bestows one free step when moving towards enemies.
Jewellery
 j - a +6 ring of intelligence
 q - a +4 ring of protection (right hand)
 v - a +6 ring of dexterity (left hand)
 z - an uncursed ring of ice
 B - an uncursed ring of see invisible
Wands
 p - a wand of random effects (11)
 r - a wand of flame (13)
 E - a wand of paralysis (4)
Scrolls
 h - a scroll of enchant armour
 t - 7 scrolls of remove curse
 w - 6 scrolls of teleportation
 A - 2 scrolls of amnesia
 D - 2 scrolls of blinking
Potions
 c - 2 potions of might
 e - a potion of ambrosia
 f - a potion of resistance
 i - 2 potions of flight
 o - 3 potions of heal wounds
 u - 3 potions of magic
 C - 2 potions of curing


   Skills:
 + Level 7.2 Fighting
 * Level 8.9 Long Blades
 - Level 1.7 Throwing
 * Level 8.2 Armour
 + Level 6.4 Dodging


You had 9 spell levels left.
You didn't know any spells.
Your spell library contained the following spells:

 Spells                   Type           Power        Failure   Level
 Confusing Touch          Hex            #.......     95%         3
 Gell's Gravitas          Tloc           #.........   95%         3
 Petrify                  Tmut/Erth      #.......     100%        4
 Metabolic Englaciation   Hex/Ice        #.........   100%        5
 Yara's Violent Unravell  Hex/Tmut       #.........   100%        5


Dungeon Overview and Level Annotations

Branches:
Dungeon (10/15)            Temple (1/1) D:6            Lair (1/6) D:8
    Orc: D:9-12

Altars:
Ashenzari
Cheibriados
Dithmenos
Elyvilon
Fedhas
Gozag
Hepliaklqana
Kikubaaqudgha
Makhleb
Nemelex Xobeh
Okawaru
Qazlal
Ru
Sif Muna
Trog
Uskayaw
Vehumet
Wu Jian
Xom
Yredelemnul
Zin
The Shining One

Shops:
D:7 =   D:8 *

Annotations:
D:5 1 runed translucent door


Innate Abilities, Weirdness & Mutations

Your body is rotting away.
You thrive by killing the living.
You are immune to poison.
You have sharp fingernails.
Your flesh is cold resistant. (rC+)
You are immune to negative energy. (rN+++)
You do not regenerate when monsters are visible.
You are immune to unholy pain and torment.
You can survive without breathing.


Message History

You barely miss the ogre mage.
The ogre mage hits you but does no damage.
You slash the ogre mage!
The ogre mage is moderately wounded.
The ogre mage points at you and mumbles some strange words.
The crystal spear hits you!!!
Ouch! That really hurt!
* * * LOW HITPOINT WARNING * * *
You feel much better.
The ogre mage hits you with a cursed -3 spear.
You are confused.
You feel invigorated.
The ogre mage hits you with a cursed -3 spear.
You bump into the rock wall.
You're too confused to move!
You feel less invigorated.
You feel less confused.
The ogre mage points at you and mumbles some strange words.
The crystal spear hits you!!!
Ouch! That really hurt!
You die...

#...#..[#
#...##.# #...#
#.##.. #...#...#
#...##.# #<..#
#..... #...#...#
#...##.# #...#
#..... #.......#
#...##.#
#...#####..)..
...##...#
#..!...#
#..........#..
##.##...#
#......#
#.........(#..
#.##...# #......#
#..######..#..
#.##...###..###.#
#..# #..#..
#.##........# #@#
#..# #))#..
#.##........#
#O###..# #.(#..
#.##........#
#OO....# #..#..
#.##...####.#
#O.....# #..#..
#.##...# #.#
#..##..# #.)#..
#...# #.#
#..##..# #).#..
#...# .# #..##..#
#..#.. #...
#).##..# #..#
#..##... ...#


You could see 2 two-headed ogres, an ogre mage (slow) and an ogre.

Vanquished Creatures
  Pikel (D:6)
  The ghost of Lanoc the Frost Mage, a novice OpIE of Ashenzari (D:7)
  A black mamba (D:8)
  A hornet (D:9)
  A wyvern (D:8)
  Menkaure (D:5)
  A steam dragon (D:8)
  2 water moccasins
  An ice beast (D:8)
  2 orc warriors
  2 sky beasts (D:6)
  5 ogres
  A necrophage (D:9)
  6 centaurs
  A lemure (D:6)
  A big kobold (D:10)
  7 bullfrogs
  A water moccasin skeleton (D:8)
  10 wights (D:10)
  A bullfrog zombie (D:8)
  A howler monkey (D:6)
  3 orc priests
  2 hounds
  6 orc wizards
  Crazy Yiuf (D:2)
  A bullfrog skeleton (D:6)
  A jelly (D:8)
  2 centaur skeletons (D:6)
  Ijyb (D:5)
  Jessica (D:3)
  4 iguanas
  Natasha (thrice) (D:2)
  5 worker ants
  A hound zombie (D:6)
  A hound skeleton (D:7)
  Robin (D:1)
  7 adders
  A shadow imp (D:4)
  3 white imps
  3 ufetubi
  2 oozes
  An adder zombie (D:9)
  2 worms
  6 leopard geckos
  21 orcs
  8 bats
  6 giant cockroaches
  12 hobgoblins
  3 jackals (D:4)
  6 quokkas
  4 frilled lizards
  16 goblins
  A jackal skeleton (D:6)
  4 kobolds
  A leopard gecko zombie (D:5)
  3 rats
191 creatures vanquished.

Vanquished Creatures (others)
  2 plants (Lair:1)
2 creatures vanquished.

Grand Total: 193 creatures vanquished

Notes
Turn   | Place    | Note
-------+----------+-------------------------------------------
     0 | D:1      | Borgoz the Ghoul Gladiator began the quest for the Orb.
     0 | D:1      | Reached XP level 1. HP: 17/17 MP: 0/0
   706 | D:2      | Noticed Robin
   711 | D:2      | Reached XP level 2. HP: 23/24 MP: 1/1
  1148 | D:1      | Reached skill level 1 in Armour
  1260 | D:1      | Killed Robin
  1260 | D:1      | Reached XP level 3. HP: 27/30 MP: 2/2
  1603 | D:2      | Noticed Natasha
  1654 | D:2      | Reached XP level 4. HP: 37/37 MP: 3/3
  1698 | D:2      | Killed Natasha
  1880 | D:2      | Noticed Natasha
  1889 | D:2      | Killed Natasha
  1889 | D:2      | Reached XP level 5. HP: 45/45 MP: 4/4
  1928 | D:2      | Found a runed translucent door.
  1929 | D:2      | Noticed Crazy Yiuf
  2108 | D:2      | Noticed Natasha
  2114 | D:2      | Killed Natasha
  2310 | D:2      | Killed Crazy Yiuf
  2394 | D:3      | Noticed Jessica
  2401 | D:3      | Killed Jessica
  2564 | D:3      | Reached XP level 6. HP: 51/51 MP: 5/5
  2606 | D:3      | Found a shimmering altar of Xom.
  2703 | D:3      | Found a snail-covered altar of Cheibriados.
  2713 | D:3      | Found a shadowy altar of Dithmenos.
  3066 | D:4      | Got a bloodstained ring mail
  3077 | D:4      | Identified the cursed +1 ring mail "Esuef" {Regen+} (You
                  | found it on level 4 of the Dungeon)
  3136 | D:4      | Found a sparkling altar of Nemelex Xobeh.
  4113 | D:5      | Entered Level 5 of the Dungeon
  4128 | D:5      | Found a glowing silver altar of Zin.
  4129 | D:5      | Found a runed translucent door.
  4129 | D:5      | Noticed an angel
  4189 | D:5      | Noticed Ijyb
  4199 | D:5      | Killed Ijyb
  4199 | D:5      | Reached XP level 7. HP: 58/58 MP: 6/6
  4277 | D:5      | Noticed Menkaure
  4283 | D:5      | Killed Menkaure
  4493 | D:5      | Reached skill level 5 in Long Blades
  4767 | D:6      | Reached XP level 8. HP: 44/67 MP: 7/7
  4769 | D:6      | Got an ichor-stained ring mail
  4816 | D:6      | Identified the cursed +0 ring mail of Kikubaaqudgha's Fury
                  | {Rampage rC- rN+ Slay+2} (You found it on level 6 of the
                  | Dungeon)
  4824 | D:6      | Found a staircase to the Ecumenical Temple.
  4950 | Temple   | Entered the Ecumenical Temple
  5062 | Temple   | Became a worshipper of Warmaster Okawaru
  5227 | D:6      | Reached skill level 5 in Armour
  5468 | D:6      | Reached skill level 5 in Fighting
  5524 | D:6      | Reached * piety under Okawaru
  5720 | D:7      | Reached XP level 9. HP: 67/74 MP: 8/8
  5876 | D:7      | Reached skill level 5 in Dodging
  5997 | D:7      | Noticed Pikel
  6079 | D:6      | Killed Pikel
  6317 | D:7      | Reached ** piety under Okawaru
  6497 | D:7      | Found an opulent altar of Gozag.
  6622 | D:7      | Found Vazaec's Jewellery Emporium.
  6634 | D:7      | Bought an uncursed ring of see invisible for 210 gold
                  | pieces
  6652 | D:7      | Found a runed translucent door.
  6679 | D:7      | Noticed Lanoc's ghost (novice OpIE)
  6965 | D:7      | Killed Lanoc's ghost
  7200 | D:8      | Found a staircase to the Lair.
  7229 | D:8      | Reached XP level 10. HP: 84/84 MP: 9/9
  7241 | Lair:1   | Entered Level 1 of the Lair of Beasts
  7265 | Lair:1   | Noticed a black mamba
  7272 | Lair:1   | Noticed a cane toad
  7282 | D:8      | Killed a black mamba
  7282 | D:8      | Reached *** piety under Okawaru
  7912 | D:8      | Found Qots's General Store.
  8101 | D:8      | Found an ornate altar of the Wu Jian Council.
  8694 | D:9      | Noticed a +0 dagger
  8694 | D:9      | Noticed a +0 dagger
  8699 | D:9      | Found a hide-covered altar of Uskayaw.
  8752 | D:9      | Found a glowing golden altar of the Shining One.
  8831 | D:9      | Found a bloodstained altar of Trog.
  9039 | D:10     | Entered Level 10 of the Dungeon
  9211 | D:10     | Reached **** piety under Okawaru
  9379 | D:10     | Noticed a two-headed ogre
  9379 | D:10     | Noticed an ogre mage
  9381 | D:10     | Noticed a two-headed ogre
  9404 | D:10     | Killed from afar by an ogre mage

Illustrated notes

Levels and vault maps discovered:
D:1:      lightli_arrival_quake, layout_loops_corners, grunt_decor_junction,
          minmay_splitting_lines
D:2:      layout_basic, minmay_misc_feat_ornament, uniq_robin,
          uniq_crazy_yiuf_cottage, uniq_natasha
D:3:      layout_rooms, amethyst_overflow_temple_binary,
          overflow_temple_1_default, uniq_jessica
D:4:      layout_basic, lemuel_doored_altar
D:5:      layout_basic, lemuel_angel_altar, uniq_menkaure, uniq_ijyb
D:6:      layout_rooms, temple_fountains, kennysheep_path_1
D:7:      layout_rooms, grunt_gozag_breadcrumbs, serial_shops, shop_statue,
          ebering_ghost_reflecting_pool, uniq_pikel
D:8:      layout_cave_pools, kennysheep_mini_moat, lair_entry_dummy,
          serial_shops, shop
D:9:      layout_big_octagon, kennysheep_mini, dancing_weapons_uskayaw,
          lemuel_crystal_altar
D:10:     layout_long_grid, orc_0_dummy, bloody_makhleb
Temple:   cyrus_circular_temple
Lair:1:   layout_big_grid, serial_bayou_shore_b

Skill      XL: |  1  2  3  4  5  6  7  8  9 10 |
---------------+-------------------------------+-----
Long Blades    | 3 4 5 6 7 8 |  8.9
Armour         | 1 2 3 4 5 7 8 |  8.2
Dodging        | 3 4 5 6 |  6.4
Fighting       | 3 4 5 6 7 |  7.2
Throwing       | |  1.7

Action                   |  1- 3 |  4- 6 |  7- 9 | 10-12 || total
-------------------------+-------+-------+-------+-------++-------
Melee: Long sword        |    70 |   190 |   257 |   109 ||   626
       Great sword       |       |       |       |    55 ||    55
Throw: Throwing net      |       |     2 |     1 |       ||     3
Evoke: Wand              |       |     3 |     7 |     1 ||    11
  Use: Scroll            |     4 |    12 |     4 |     4 ||    24
       Potion            |       |     1 |       |     3 ||     4
 Stab: Confused          |       |     3 |       |       ||     3
Armor: Leather armour    |    14 |       |       |       ||    14
       Animal skin       |     7 |       |       |       ||     7
       Ring mail         |       |    63 |   156 |    72 ||   291
Dodge: Dodged            |    51 |   109 |   212 |   161 ||   533
       Rpst.: Long sword |    17 |    33 |    59 |    31 ||   140
       Great sword       |       |       |       |    19 ||    19

Table legend: (Time is in decaauts)
 A = Elapsed time spent in this place.
 B = Non-inter-level travel time spent in this place.
 C = Inter-level travel time spent in this place.
 D = Time resting spent in this place.
 E = Time spent auto-exploring this place.
 F = Levels seen in this place.
 G = Mean time per level.
                   A        B        C        D        E       F      G
               +--------+--------+--------+--------+--------+-----+--------+
         Total |   9518 |   9057 |    461 |   2489 |   4879 |  12 |  793.2 |
       Dungeon |   9218 |   8766 |    452 |   2279 |   4836 |  10 |  921.8 |
        Temple |    265 |    256 |      9 |    201 |     37 |   1 |  265.0 |
          Lair |     34 |     34 |      0 |      9 |      6 |   1 |   34.0 |
               +--------+--------+--------+--------+--------+-----+--------+

Top non-repeatable levels by time:
     D:1: 1268 daAuts
     D:6: 1225 daAuts
     D:8: 1202 daAuts
     D:4: 1191 daAuts
     D:2: 1165 daAuts
     D:7: 898 daAuts
     D:9: 683 daAuts
     D:5: 645 daAuts
     D:3: 560 daAuts
    D:10: 377 daAuts
  Temple: 265 daAuts
  Lair:1: 34 daAuts
